 Dungeon Crawl Stone Soup version 0.30-a0-377-g5cb311bc9f (webtiles) character file.

Game seed: 7719828655331453177

322 lokiplouj the Chopper (level 6, -4/56 HPs)
             Began as a Minotaur Berserker on Nov 28, 2022.
             Was a Believer of Trog.
             Slain by a gnoll
             ... wielding a +0 whip
              (7 damage)
             ... on level 4 of the Dungeon.
             The game lasted 00:03:47 (2556 turns).

lokiplouj the Chopper (Minotaur Berserker)          Turns: 2556, Time: 00:03:47

Health: -4/56      AC:  2    Str: 24    XL:     6   Next: 22%
Magic:  5/5        EV: 12    Int:  4    God:    Trog [**....]
Gold:   129        SH:  0    Dex:  9    Spells: 5/5 levels left

rFire   . . .      SeeInvis .    a - +0 hand axe
rCold   + . .      Faith    .    (no shield)
rNeg    . . .      Spirit   .    b - +0 animal skin
rPois   .          Reflect  .    (helmet restricted)
rElec   .          Harm     .    (no cloak)
rCorr   .          Rampage  .    (no gloves)
Will    ++...                    (no boots)
Stlth   +.........               (no amulet)
HPRegen 1.29/turn                c - ring of protection from cold
MPRegen 0.09/turn                (no ring)

@: strong-willed (expiring), on berserk cooldown, regenerating (expiring),
slowed, very slow
A: horns 2, retaliatory headbutt
a: Renounce Religion, Berserk, Trog's Hand


You were on level 4 of the Dungeon.
You worshipped Trog.
Trog was pleased with you.
You visited 1 branch of the dungeon, and saw 4 of its levels.

You collected 129 gold pieces.

Inventory:

Hand Weapons
 a - a +0 hand axe (weapon)
Armour
 b - a +0 animal skin (worn)
Jewellery
 c - a ring of protection from cold (left hand)
Scrolls
 e - 3 scrolls of identify {unknown}
 f - 2 scrolls of fog {unknown}
 i - a scroll of enchant armour {unknown}
 j - a scroll of noise {unknown}
 k - a scroll of magic mapping {unknown}
 l - 3 scrolls of teleportation {unknown}
Potions
 d - 2 potions of heal wounds {unknown}
 g - a potion of degeneration {unknown}
 h - a potion of flight {unknown}
 m - 2 potions of invisibility {unknown}
 n - a potion of magic {unknown}
 o - a potion of lignification {unknown}
 p - a potion of attraction {unknown}


   Skills:
 + Level 5.0 Fighting
 + Level 6.3 Axes
 + Level 2.5 Armour
 + Level 3.9 Dodging
 + Level 1.3 Stealth


You had 5 spell levels left.
You didn't know any spells.
Your spell library was empty.

Dungeon Overview and Level Annotations

Branches:
Dungeon (4/15)
 Temple: D:4-7

Altars:
Trog
Uskayaw

Shops:
D:1 (

Portals:
Sewer: D:3

Annotations:
D:4 Menkaure, Sigmund


Innate Abilities, Weirdness & Mutations

You have a pair of horns on your head.
You reflexively headbutt those who attack you in melee.


Message History

The bat barely misses you. Eustachio hits you with a +0 falchion.
* * * LOW HITPOINT WARNING * * *
The iron imp closely misses you.
Menkaure, Prince of Dust comes into view.
The gnoll moves out of view.
Menkaure shouts!
You hit Eustachio but do no damage.
Eustachio is almost dead.
You hit the bat.
You kill the bat!
The bat's corpse disappears in a puff of smoke!
You hit the rat but do no damage. You barely miss the iron imp.
You hear a shout!
Eustachio growls, "To hell with you, honourless miscreant!"
Eustachio barely misses you. You furiously retaliate!
You headbutt Eustachio!
You kill Eustachio!
Trog accepts your kill.
Trog appreciates your killing of a magic user.
The iron imp disappears in a puff of smoke!
The rat disappears in a puff of smoke!
The river rat disappears in a puff of smoke!
Your Fighting skill increases to level 5!
Your Axes skill increases to level 6!
You have reached level 6!
Sigmund the Dreaded comes into view.
He is wielding a +0 scythe and wearing a +0 robe of willpower.
Your skin crawls.
You feel strong-willed.
Sigmund says, "You will soon forget everything."
The gnoll barely misses you. The gnoll hits you with a +0 whip!
* * * LOW HITPOINT WARNING * * *
You see here a giant cockroach corpse.
The gnoll closely misses you. The gnoll attacks as you move away!
The gnoll hits you with a +0 whip!
* * * LOW HITPOINT WARNING * * *
You feel the effects of Trog's Hand fading.
The gnoll attacks as you move away! The gnoll hits you with a +0 whip.
* * * LOW HITPOINT WARNING * * *
The gnoll hits you with a +0 whip!
You die...

############
#......=...#
########..........#
#.)<..............#
#.................#
#.........@g.....?#
####.##..###g.....#
#.##.####†###..####
#.##..##..M## .....
#..#....._..#......
#......#....@......
#.##...###..†.#..?.
#..##...# #..### ..
#.###....#.....


You could see 2 gnolls.

Vanquished Creatures
  Eustachio (D:4)
  A necrophage (D:2)
  Robin (D:2)
  An adder (D:2)
  A white imp (D:3)
  A worm (D:3)
  3 dart slugs
  An orc (D:3)
  9 ball pythons
  9 endoplasms
  5 giant cockroaches
  20 goblins
  5 hobgoblins
  4 jackals (D:2)
  5 quokkas
  7 bats
  3 frilled lizards
  A kobold (D:3)
  6 rats
84 creatures vanquished.

Notes
Turn   | Place    | Note
-------+----------+-------------------------------------------
     0 | D:1      | lokiplouj the Minotaur Berserker began the quest for the
                  | Orb.
     0 | D:1      | Reached XP level 1. HP: 19/19 MP: 0/0
   104 | D:1      | Found a faded altar of an unknown god.
   161 | D:1      | Reached skill level 4 in Axes
   161 | D:1      | Reached XP level 2. HP: 27/27 MP: 1/1
   244 | D:1      | Found Beivy's Antique Weapon Shop.
   713 | D:1      | Reached XP level 3. HP: 28/33 MP: 2/2
   943 | D:2      | Reached ** piety under Trog
  1070 | D:2      | Noticed Robin
  1081 | D:2      | Killed Robin
  1082 | D:2      | Reached XP level 4. HP: 36/41 MP: 3/3
  1084 | D:2      | Reached skill level 5 in Axes
  1622 | D:2      | Noticed a necrophage
  1631 | D:2      | Killed a necrophage
  1632 | D:2      | Reached XP level 5. HP: 37/47 MP: 4/4
  1887 | D:3      | Found a glowing drain.
  2108 | D:3      | Reached *** piety under Trog
  2109 | D:3      | Reached skill level 1 in Stealth
  2491 | D:3      | Found a hide-covered altar of Uskayaw.
  2522 | D:4      | Found a bloodstained altar of Trog.
  2526 | D:4      | Noticed Eustachio
  2548 | D:4      | Noticed Menkaure
  2549 | D:4      | Killed Eustachio
  2550 | D:4      | Reached skill level 5 in Fighting
  2550 | D:4      | Reached skill level 6 in Axes
  2550 | D:4      | Reached XP level 6. HP: 12/56 MP: 5/5
  2550 | D:4      | Noticed Sigmund
  2556 | D:4      | HP: 1/56 [gnoll/+0 whip (5)]
  2556 | D:4      | Slain by a gnoll

Illustrated notes

Levels and vault maps discovered:
D:1:      shiori_arrival_elements, layout_basic, serial_shops,
          nicolae_shop_hallway_plus, ebering_ecumenical_altar_abandoned
D:2:      layout_rooms, minmay_splitting_lines, kennysheep_another_room,
          mrwooster_statue_mirror, uniq_robin
D:3:      layout_basic, mainiacjoe_overflow_tiny_flanked, portal_sewer_entry_f
D:4:      layout_rooms, grunt_temple_overflow_open, trog_three_pillars_becter,
          zin_treasury, uniq_menkaure, uniq_eustachio, uniq_natasha,
          uniq_sigmund

Skill      XL: |  1  2  3  4  5 |
---------------+----------------+-----
Axes           | 4 5 6 |  6.3
Fighting       | 4 5 |  5.0
Dodging        | 3 |  3.9
Stealth        | 1 |  1.3
Armour         | |  2.5

Action                   |  1- 3 |  4- 6 || total
-------------------------+-------+-------++-------
Melee: Hand axe          |    94 |    85 ||   179
       Headbutt          |     8 |     4 ||    12
Invok: Berserk           |     1 |     1 ||     2
       Trog's Hand       |       |     1 ||     1
 Stab: Sleeping          |     2 |     1 ||     3
Armor: Animal skin       |    21 |    23 ||    44
Dodge: Dodged            |    68 |    57 ||   125

Table legend: (Time is in decaauts)
 A = Elapsed time spent in this place.
 B = Non-inter-level travel time spent in this place.
 C = Inter-level travel time spent in this place.
 D = Time resting spent in this place.
 E = Time spent auto-exploring this place.
 F = Levels seen in this place.
 G = Mean time per level.
                   A        B        C        D        E       F      G
               +--------+--------+--------+--------+--------+-----+--------+
         Total |   2577 |   2518 |     59 |    260 |   1817 |   4 |  644.2 |
       Dungeon |   2577 |   2518 |     59 |    260 |   1817 |   4 |  644.2 |
               +--------+--------+--------+--------+--------+-----+--------+

Top non-repeatable levels by time:
     D:2: 1028 daAuts
     D:1: 822 daAuts
     D:3: 678 daAuts
     D:4: 47 daAuts
